 Dungeon Crawl Stone Soup version 0.27-a0-604-g29a88b33a7 (webtiles) character file.

Game seed: 811582477748002269

80 sahdkjhfkaj the Gusty (level 3, 0/28 HPs)
             Began as a Demigod Air Elementalist on Mar 13, 2021.
             Succumbed to an adder's poison
             ... on level 2 of the Dungeon.
             The game lasted 00:02:50 (2250 turns).

sahdkjhfkaj the Gusty (Demigod Air Elementalist)    Turns: 2250, Time: 00:02:51

Health: 0/28       AC:  2    Str:  9    XL:     3   Next: 98%
Magic:  2/8        EV: 12    Int: 21    God:
Gold:   74         SH:  0    Dex: 14    Spells: 5/6 levels left

rFire    . . .     SeeInvis .   l - +0 dagger (pain)
rCold    . . .     Faith    .   (no shield)
rNeg     . . .     Spirit   .   a - +0 robe
rPois    .         Reflect  .   (no helmet)
rElec    .         Harm     .   (no cloak)
rCorr    .         Rampage  .   (no gloves)
Will     .....                  (no boots)
Stlth    ++........             (no amulet)
HPRegen  0.09/turn              (no ring)
MPRegen  0.11/turn              (no ring)

@: lethally poisoned (0 -> -1), flying
A: high mp 1, forlorn
a: no special abilities


You were on level 2 of the Dungeon.
You visited 1 branch of the dungeon, and saw 3 of its levels.

You collected 74 gold pieces.

Inventory:

Hand Weapons
 l - a +0 dagger of pain (weapon)
Armour
 a - a +0 robe (worn)
Wands
 h - a wand of acid (4)
Scrolls
 b - a scroll of random uselessness {unknown}
 c - 2 scrolls of teleportation {unknown}
 d - 4 scrolls of identify {unknown}
 g - a scroll of enchant weapon {unknown}
 i - a scroll of immolation {unknown}
Potions
 e - a potion of lignification {unknown}
 f - a potion of flight
 j - a potion of ambrosia {unknown}
 k - a potion of heal wounds {unknown}


   Skills:
 - Level 1.0 Fighting
 - Level 1.7 Dodging
 - Level 1.7 Stealth
 + Level 2.1 Spellcasting
 - Level 3.0 Conjurations
 - Level 3.0 Air Magic


You had 5 spell levels left.
You knew the following spells:

 Your Spells              Type           Power      Damage    Failure   Level
a - Shock                 Conj/Air       56%        1d6       4%          1

Your spell library contained the following spells:

 Spells                   Type           Power      Damage    Failure   Level
 Swiftness                Air            14%        N/A       6%          2
 Static Discharge         Conj/Air       14%        N/A       13%         3
 Airstrike                Air            7%         N/A       38%         4
 Lightning Bolt           Conj/Air       7%         1d19      75%         5


Dungeon Overview and Level Annotations

Branches:
Dungeon (3/15)


Innate Abilities, Weirdness & Mutations

Your attributes grow dramatically as you level up.
You have an increased reservoir of magic. (+10% MP)
You shall have no god before yourself.


Message History

You are too depleted to draw on your mana recklessly!
Your magical contamination has completely faded away.
You feel sick.
You feel sick.
You feel sick.
You feel sick.
You are no longer poisoned.
An adder comes into view.
An adder is nearby!
An adder is nearby!
The zap hits the adder.
The zap hits the adder.
The zap hits the adder.
The adder bites you. x2
You are poisoned.
The adder poisons you!
You are too depleted to draw on your mana recklessly!
You are too depleted to draw on your mana recklessly!
You are too depleted to draw on your mana recklessly!
You feel sick. The adder bites you.
You climb upwards.
There is a stone staircase leading down here.
You feel sick. The adder bites you. The adder bites you.
You feel sick. The adder closely misses you.
You see here a +0 dagger of pain.
You have a feeling of ineptitude.
l - a +0 dagger of pain (weapon)
You miss the adder. The adder bites you.
* * * LOW HITPOINT WARNING * * *
The adder bites you.
* * * LOW HITPOINT WARNING * * *
You miss the adder.
You feel sick. The adder closely misses you.
Okay, then.
The adder bites you.
* * * LOW HITPOINT WARNING * * *
It was a potion of flight.
You feel very buoyant.
You fly up into the air.
You die...

#..........#......##.#..###
#............#....##......)
#....).....###....###...##.
#..........# ###.## ##.....
#..........# #.#####.....
#..........# ###.........#.
#..........###....##....###
#..........##..##....##....
##........S@##.###..###...##
#......#####...###..##..#.#
#......### ##..........##.#
#........########.....###.#
#..............##.........##
#>.....#....................
###############...#######...
#...........##...
##.####.####....#.


You could see an adder.

Vanquished Creatures
  4 adders
  An ooze (D:1)
  A worm (D:2)
  2 giant cockroaches (D:1)
  4 hobgoblins
  2 jackals (D:1)
  8 kobolds
  A quokka (D:2)
  5 bats
  2 frilled lizards (D:1)
  5 goblins
  5 rats
40 creatures vanquished.

Notes
Turn   | Place    | Note
-------+----------+-------------------------------------------
     0 | D:1      | sahdkjhfkaj the Demigod Air Elementalist began the quest
                  | for the Orb.
     0 | D:1      | Reached XP level 1. HP: 14/14 MP: 5/5
    33 | D:1      | Reached skill level 1 in Conjurations
   360 | D:1      | Reached XP level 2. HP: 20/20 MP: 1/7
  1097 | D:2      | Reached XP level 3. HP: 17/26 MP: 1/8
  2207 | D:3      | Reached skill level 1 in Fighting
  2248 | D:2      | HP: 1/28 [adder (2)]
  2250 | D:2      | Succumbed to an adder's poison

Illustrated notes

Levels and vault maps discovered:
D:1:      nicolae_arrival_memento_mori, layout_rooms, skrybe_limestone_x
D:2:      layout_rooms
D:3:      layout_basic, lemuel_crystal_altar, lemuel_coloured_pillars_altar,
          chequers_serial_rivers_room_a, serial_bayou_lagoon_a

Skill      XL: |  1  2  3 |
---------------+----------+-----
Conjurations   | 2 3 |  3.0
Spellcasting   | 2 |  2.1
Air Magic      | 3 |  3.0
Fighting       | 1 |  1.0
Dodging        | |  1.7
Stealth        | |  1.7

Action                   || total
-------------------------++-------
Melee: Unarmed           ||    12
       Dagger            ||     2
 Cast: Shock             ||   111
  Use: Potion            ||     1
Armor: Robe              ||    16
Dodge: Dodged            ||    30

Table legend: (Time is in decaauts)
 A = Elapsed time spent in this place.
 B = Non-inter-level travel time spent in this place.
 C = Inter-level travel time spent in this place.
 D = Time resting spent in this place.
 E = Time spent auto-exploring this place.
 F = Levels seen in this place.
 G = Mean time per level.
                   A        B        C        D        E       F      G
               +--------+--------+--------+--------+--------+-----+--------+
         Total |   2251 |   2220 |     31 |     21 |   1913 |   3 |  750.3 |
       Dungeon |   2251 |   2220 |     31 |     21 |   1913 |   3 |  750.3 |
               +--------+--------+--------+--------+--------+-----+--------+

Top non-repeatable levels by time:
     D:1: 1310 daAuts
     D:2: 907 daAuts
     D:3: 33 daAuts
